 Dungeon Crawl Stone Soup version 0.31-a0-217-g58bb5d79cf (webtiles) character file.

Game seed: 16967017546781073414

128 qw the Shooter (level 5, -1/30 HPs)
             Began as a Gargoyle Hexslinger on July 2, 2023.
             Slain by an orc
             ... wielding a +0 flail
              (5 damage)
             ... on level 3 of the Dungeon.
             The game lasted 00:00:48 (1440 turns).

qw the Shooter (Gargoyle Hexslinger)                Turns: 1440, Time: 00:00:49

Health: -1/30      AC:  8    Str: 12    XL:     5   Next: 12%
Magic:  6/6        EV: 11    Int: 13    God:
Gold:   168        SH:  0    Dex: 14    Spells: 5/6 levels left

rFire   . . .        Y - +1 sling
rCold   . . .        (no shield)
rNeg    + . .        d - +0 leather armour
rPois   inf          (no helmet)
rElec   +            (no cloak)
rCorr   .            (no gloves)
SInv    .            g - +0 pair of boots
Will    .....        (no amulet)
Stlth   +            (no ring)
HPRegen 0.25/turn    (no ring)
MPRegen 0.10/turn

%: no passive effects
@: no status effects
A: sickness immunity, AC +4, negative energy resistance 1, electricity
resistance, torment resistance 1, petrification resistance
a: no special abilities


You were on level 3 of the Dungeon.
You visited 1 branch of the dungeon, and saw 3 of its levels.

You collected 168 gold pieces.


Innate Abilities, Weirdness & Mutations

You are immune to sickness and miasma.
Your stone body is resilient. (AC +4)
You are immune to poison.
You resist negative energy. (rN+)
You are resistant to electric shocks. (rElec)
You are resistant to unholy torment.
You are immune to petrification.


   Skills:
 - Level 2.0 Fighting
 + Level 4.9 Ranged Weapons
 - Level 1.5 Dodging
 - Level 1.0 Spellcasting
 - Level 2.6 Hexes


You had 5 spell levels left.
You knew the following spells:

 Your Spells              Type           Power      Damage    Failure   Level
a - Slow                  Hex            28%        N/A       12%         1

Your spell library contained the following spells:

 Spells                   Type           Power      Damage    Failure   Level
 Inner Flame              Hex/Fire       4%         N/A       52%         3
 Portal Projectile        Hex/Tloc       8%         N/A       52%         3
 Cause Fear               Hex            3%         N/A       75%         4

Inventory:

Hand Weapons
 Y - a +1 sling (weapon)
Armour
 b - a +0 ring mail
 d - a +0 leather armour (worn)
 g - a +0 pair of boots (worn)
Jewellery
 l - a ring of fire
Scrolls
 m - a scroll of identify
Potions
 a - a potion of curing {unknown}
 e - a potion of resistance {unknown}
 h - a potion of haste {unknown}
 i - a potion of brilliance {unknown}
 j - a potion of heal wounds {unknown}

Dungeon Overview and Level Annotations

Branches:
Dungeon (3/15)

Altars:


Message History

You shoot a sling bullet. The sling bullet hits the orc.
The orc is heavily wounded.
A hobgoblin comes into view. It is wielding a +0 mace.
The orc hits you but does no damage. x2
You shoot a sling bullet.
The sling bullet closely misses the orc.
The orc closely misses you. The orc hits you with a +0 falchion.
The orc completely misses you. The orc barely misses you. x2
You shoot a sling bullet.
The sling bullet hits the orc but does no damage.
The orc is severely wounded.
The orc barely misses you. The orc hits you with a +0 falchion.
The orc hits you but does no damage.
You shoot a sling bullet.
The sling bullet hits the orc but does no damage.
The orc is severely wounded.
The orc hits you with a +0 flail. The orc hits you with a +0 falchion.
The orc priest begins to cast a cantrip, but forgets the words!
The orc hits you with a +0 dagger.
You shoot a sling bullet. The sling bullet hits the orc.
The orc is almost dead.
The orc barely misses you. The orc misses you.
The orc hits you with a +0 flail.
You shoot a sling bullet. The sling bullet barely misses the orc.
The sling bullet hits the orc priest.
The orc priest is lightly wounded.
The orc hits you but does no damage. x3; The orc hits you with a +0 dagger.
The orc misses you. The orc barely misses you.
You shoot a sling bullet.
The sling bullet hits the orc but does no damage.
The orc is almost dead.
The orc hits you with a +0 flail. The orc closely misses you.
The orc misses you.
You shoot a sling bullet. The sling bullet hits the orc.
You kill the orc!
The orc misses you. The orc hits you with a +0 flail.
You shoot a sling bullet. The sling bullet barely misses the orc.
The orc barely misses you.
The orc priest hits you but does no damage.
The orc hits you with a +0 flail.
You die...

.........
.#..!..#
....... .....
.o. ?... J..
#g. .
o.##o#####..
.#.#..#@o......
...#..#o##.....
#....#.# ....
#.%....##.....
#.............
#......####.##
#......#
#......##
#.......#


You could see an orc priest, 2 orcs and a hobgoblin.

Vanquished Creatures
  An orc priest (D:3)
  3 adders (D:2)
  2 worms
  A dart slug (D:2)
  An orc (D:3)
  4 ball pythons
  10 endoplasms
  3 giant cockroaches
  6 hobgoblins
  2 jackals (D:2)
  3 kobolds
  4 quokkas
  6 bats
  3 frilled lizards
  3 goblins
  5 rats
57 creatures vanquished.

Notes
Turn   | Place    | Note
-------+----------+-------------------------------------------
     0 | D:1      | qw the Gargoyle Hexslinger began the quest for the Orb.
     0 | D:1      | Reached XP level 1. HP: 12/12 MP: 2/2
     0 | D:1      | 0 ||| qw: Version: 0.3-a-40-ge99b1a8
     0 | D:1      | 0 ||| qw: Game counter: 8031
     0 | D:1      | 0 ||| qw: Melee chars always use a shield: true
     0 | D:1      | 0 ||| qw: God list: Okawaru
     0 | D:1      | 0 ||| qw: Allow faded altars: false
     0 | D:1      | 0 ||| qw: Do Orc after clearing Dungeon:15 true
     0 | D:1      | 0 ||| qw: Do second Lair branch before Depths: true
     0 | D:1      | 0 ||| qw: Lair rune preference: random
     0 | D:1      | 0 ||| qw: Goals: Normal
     0 | D:1      | 0 ||| PLANNING D:1-11
   128 | D:1      | Reached XP level 2. HP: 16/16 MP: 3/3
   131 | D:1      | Found a faded altar of an unknown god.
   174 | D:1      | Reached skill level 3 in Ranged Weapons
   299 | D:1      | Reached XP level 3. HP: 21/21 MP: 4/4
   693 | D:1      | 693 ||| UPGRADING to +0 leather armour.
   703 | D:1      | 703 ||| DROPPING +0 robe.
   704 | D:1      | 704 ||| UPGRADING to +0 pair of boots.
   709 | D:1      | 709 ||| DROPPING ring of flight.
   710 | D:1      | 710 ||| READING scroll labelled BIXTONEOPS.
   711 | D:1      | 711 ||| READING scroll labelled RISOSS GUZI.
   716 | D:1      | 716 ||| READING scroll labelled KAMPU USAEGH.
   717 | D:1      | 717 ||| DROPPING scroll of poison.
   739 | D:2      | 739 ||| STAIRDANCE
   879 | D:2      | Reached XP level 4. HP: 21/26 MP: 5/5
   958 | D:2      | Reached skill level 4 in Ranged Weapons
  1349 | D:2      | 1349 ||| DROPPING amulet of magic regeneration.
  1350 | D:2      | 1350 ||| READING scroll labelled IJUK PEIJEMERCH.
  1351 | D:2      | 1351 ||| READING scroll labelled PUCZOQ BIMA.
  1352 | D:2      | 1352 ||| READING 4 scrolls labelled IDOELU PET FUL.
  1353 | D:2      | 1353 ||| DROPPING 3 scrolls of fog.
  1419 | D:3      | 1419 ||| Stepping ~*~*~tactically~*~*~ (outnumbered).
  1431 | D:3      | Reached XP level 5. HP: 24/30 MP: 6/6
  1438 | D:3      | HP: 7/30 [orc/+0 flail (2)]
  1440 | D:3      | Slain by an orc

Levels and vault maps discovered:
D:1:      lightli_arrival_statuegarden, layout_loops_ring,
          hellmonk_ecumenical_altar_arch_garden, minivault_19
D:2:      wad_crossroads, layout_rooms
D:3:      layout_rooms, mainiacjoe_overflow_alcove_2, elyvilon_altar_1,
          uniq_grinder, uniq_terence, uniq_jessica

Skill      XL: |  1  2  3  4 |
---------------+-------------+-----
Ranged Weapons | 3 4 |  4.9
Fighting       | 2 |  2.0
Dodging        | |  1.5
Spellcasting   | |  1.0
Hexes          | |  2.6

Action                     |  1- 3 |  4- 6 || total
---------------------------+-------+-------++-------
   Fire: Sling             |   117 |    90 ||   207
    Use: Scroll            |     3 |     3 ||     6
 Armour: Robe              |     9 |       ||     9
         Leather armour    |     9 |    26 ||    35
  Dodge: Dodged            |    29 |    40 ||    69

Table legend:
 A = Non-vault XP
 B = Vault XP
 C = Vault XP percentage of total XP
 D = Non-vault monster count
 E = Vault monster count
 F = Vault count percentage of total count
                 A         B        C        D         E       F
            +---------+---------+-------+---------+---------+-------
      Total |     173 |      11 |   6.0 |      53 |       4 |   7.0
            +---------+---------+-------+---------+---------+-------
        D:1 |      50 |       0 |   0.0 |      27 |       0 |   0.0
        D:2 |      73 |      11 |  13.1 |      22 |       4 |  15.4
        D:3 |      50 |       0 |   0.0 |       4 |       0 |   0.0
            +---------+---------+-------+---------+---------+-------
